AoeStats
← Smilie

Arabia

510413000Analyzed
1v1 RM · 3d ago on Sep 30, 2026· 53m 9s· 2 players
Game mode
Random Map
Map size
Tiny (2 player)
Population
200
Speed
Normal
Resources
Standard
Victory
Conquest
Starting age
Dark Age
Ending age
Imperial Age
RankedLock teamsTeams togetherTeam positionsShared explorationLock speedFull tech treeHidden civsTurbo modeCheats
Victory
Defeat
🇺🇸 Magyars · United States
889
+18
🇳🇱 Lithuanians · Netherlands
931
-22
Morgan Wyrd
6:17 Loom
9:12 Feudal Age
9:53 Double-Bit Axe
17:49 Scale Barding Armor
19:40 Wheelbarrow
23:02 Castle Age
21:08 Stone Mining
21:15 Gold Mining
21:28 Horse Collar
21:50 Fletching
24:17 Bow Saw
24:40 Heavy Plow
29:57 Ballistics
29:24 Crossbowman
30:15 Thumb Ring
35:27 Imperial Age
33:29 Treadmill Crane
33:53 Bodkin Arrow
33:58 Padded Archer Armor
34:19 Chain Barding Armor
35:26 Gold Shaft Mining
35:49 Murder Holes
36:05 Masonry
36:09 Husbandry
36:20 Bloodlines
35:32 Light Cavalry
36:57 Parthian Tactics
37:11 Corvinian Army
37:42 Hand Cart
38:31 Two-Man Saw
38:06 Crop Rotation
39:06 Chemistry
38:33 Conscription
41:11 Recurve Bow
40:33 Elite Magyar Huszar
41:50 Hoardings
40:56 Hussar
42:04 Sappers
43:51 Siege Engineers
47:30 Plate Barding Armor
46:55 Bracer
47:10 Leather Archer Armor
47:05 Heavy Cavalry Archer
Smilie
5:42 Loom
9:09 Feudal Age
9:47 Double-Bit Axe
9:52 Horse Collar
18:31 Wheelbarrow
23:18 Castle Age
22:49 Gold Mining
23:16 Bloodlines
23:26 Forging
23:44 Scale Barding Armor
26:48 Bow Saw
30:45 Heavy Plow
30:47 Stone Mining
32:27 Hand Cart
34:52 Iron Casting
34:47 Chain Barding Armor
36:05 Padded Archer Armor
35:56 Fletching
36:42 Elite Skirmisher
41:22 Imperial Age
39:31 Leather Archer Armor
39:51 Bodkin Arrow
41:02 Ballistics
40:51 Husbandry
41:30 Cavalier
42:50 Plate Barding Armor
42:55 Conscription
43:30 Ring Archer Armor
43:02 Bracer
43:23 Light Cavalry
44:21 Tower Shields
45:30 Chemistry
45:47 Two-Man Saw
45:06 Thumb Ring
45:51 Paladin
49:04 Winged Hussar
Connection lost

Rejoining the realm…

Still unreachable

The connection could not be restored.

Session expired

The server has moved on; the page needs a fresh start.